 Dungeon Crawl Stone Soup version 0.31-a0-240-gb923e448b6 (webtiles) character file.

Game seed: 747196024826329329

939 qw the Skirmisher (level 7, 0/61 HPs)
             Began as a Minotaur Hexslinger on July 11, 2023.
             Slain by a killer bee (5 damage)
             ... on level 4 of the Dungeon.
             The game lasted 00:01:19 (3206 turns).

qw the Skirmisher (Minotaur Hexslinger)             Turns: 3206, Time: 00:01:19

Health: 0/61       AC:  6    Str: 16    XL:     7   Next: 87%
Magic:  7/7        EV: 11    Int: 10    God:
Gold:   158        SH:  0    Dex: 15    Spells: 7/8 levels left

rFire   + . .        Y - +5 arbalest (freeze)
rCold   + + .        (shield currently unavailable)
rNeg    . . .        b - +1 ring mail {rC+}
rPois   .            (helmet restricted)
rElec   .            (no cloak)
rCorr   .            (no gloves)
SInv    .            (no boots)
Will    .....        (no amulet)
Stlth   ++           j - ring "Wyunk" {rF+ rC+ Str+4 Stlth+}
HPRegen 0.30/turn    (no ring)
MPRegen 0.10/turn

%: no passive effects
@: lethally poisoned (0 -> -16), about to teleport
A: horns 2, retaliatory headbutt
a: no special abilities


You were on level 4 of the Dungeon.
You visited 1 branch of the dungeon, and saw 5 of its levels.

You collected 158 gold pieces.


Innate Abilities, Weirdness & Mutations

You have a pair of horns on your head.
You reflexively headbutt those who attack you in melee.


   Skills:
 - Level 5.0 Fighting
 + Level 8.8 Ranged Weapons
 - Level 1.9 Armour
 - Level 2.1 Dodging
 - Level 1.0 Spellcasting
 - Level 2.0 Hexes


You had 7 spell levels left.
You knew the following spells:

 Your Spells              Type           Power      Damage    Failure   Level
a - Slow                  Hex            16%        N/A       28%         1

Your spell library contained the following spells:

 Spells                   Type           Power      Damage    Failure   Level
 Inner Flame              Hex/Fire       2%         N/A       77%         3
 Portal Projectile        Hex/Tloc       4%         N/A       77%         3
 Cause Fear               Hex            2%         N/A       95%         4

Inventory:

Hand Weapons
 Y - a +5 arbalest of freezing (weapon)
Armour
 b - a +1 ring mail of cold resistance (worn)
 l - the +1 pair of boots of the New World {Harm rF- Str+2}
   (You found it on level 2 of the Dungeon)

   Str:       It affects your strength (+2).
   rF:        It makes you vulnerable to fire.
   Harm:      It increases damage dealt and taken.
Jewellery
 g - a ring of fire
 j - the ring "Wyunk" (left hand) {rF+ rC+ Str+4 Stlth+}
   (You found it on level 4 of the Dungeon)

   [ring of protection from cold]

   Str:       It affects your strength (+4).
   rF:        It protects you from fire.
   rC:        It protects you from cold.
   Stlth:     It makes you more stealthy.
Scrolls
 a - 2 scrolls of identify
Potions
 d - a potion of enlightenment
 h - a potion of heal wounds
 i - a potion of curing
 k - a potion of mutation

Dungeon Overview and Level Annotations

Branches:
Dungeon (5/15)
 Temple: D:4-7

Altars:
Ashenzari
Makhleb
Xom
The Shining One


Message History

The killer bee closely misses you. The killer bee barely misses you.
You furiously retaliate!
You headbutt the killer bee. The killer bee stings you.
You are poisoned.
The killer bee poisons you!
The killer bee stings you but does no damage.
The killer bee barely misses you. The killer bee stings you.
You are more poisoned.
The killer bee poisons you! The killer bee closely misses you.
You furiously retaliate!
You headbutt the killer bee!
The killer bee stings you but does no damage.
The killer bee closely misses you.
You shoot a bolt. The bolt closely misses the killer bee.
You feel extremely sick.
The killer bee barely misses you. x2; You furiously retaliate!
You headbutt the killer bee!
You kill the killer bee!
The killer bee stings you. The killer bee stings you!
The killer bee barely misses you. The killer bee stings you.
You are more poisoned.
The killer bee poisons you!
The killer bee stings you but does no damage.
You shoot a bolt. The bolt hits the killer bee!!
The bolt freezes the killer bee.
You kill the killer bee!
You feel extremely sick.
The killer bee stings you but does no damage.
The killer bee barely misses you. The killer bee closely misses you.
You shoot a bolt. The bolt hits the killer bee!
The bolt freezes the killer bee.
The killer bee is severely wounded.
You feel very sick.
The killer bee stings you but does no damage.
The killer bee stings you! The killer bee stings you.
You are more poisoned.
The killer bee poisons you!
3206 ||| READING scroll of teleportation.
As you read the scroll of teleportation, it crumbles to dust.
You feel strangely unstable.
You feel very sick. The killer bee stings you.
You die...

....#..._...!.......##.#.###.....
....#.......#.......##.#.........
....#.......#.......##.#..##.###.
....#.......#....................
....#########....##.##.#..##.##..
.................#.#...#.######..
.(.......####....#.........####..
.......####.....y.....#..##..##..
................@....#..#.###.#..
#[..............(......#.#.####..
##.###.####.##..##..#.....### #..
#..........).[..........###.###..
##.###......[)........#....#.##..
...# #.###.........#...#.######..
#### #.# ##.##..##...#..#.### #.[
######.# #.##...#.......#..# #..
.......####.##...#........### #..


You could see a killer bee.

Vanquished Creatures
  Duvessa (D:4)
  2 ogres (D:4)
  A bullfrog (D:4)
  3 scorpions
  Dowan (D:4)
  3 killer bees
  An orc priest (D:3)
  Ijyb (D:2)
  A gnoll (D:4)
  10 adders
  An ufetubus (D:4)
  A worm (D:3)
  3 dart slugs
  10 orcs
  6 ball pythons
  7 endoplasms
  2 giant cockroaches
  4 goblins
  4 hobgoblins
  4 jackals (D:1)
  5 kobolds
  9 quokkas
  9 bats
  2 frilled lizards (D:1)
  12 rats
103 creatures vanquished.

Notes
Turn   | Place    | Note
-------+----------+-------------------------------------------
     0 | D:1      | qw the Minotaur Hexslinger began the quest for the Orb.
     0 | D:1      | Reached XP level 1. HP: 16/16 MP: 1/1
     0 | D:1      | 0 ||| qw: Version: 0.3-a-52-g30416fa
     0 | D:1      | 0 ||| qw: Game counter: 6019
     0 | D:1      | 0 ||| qw: Melee chars always use a shield: true
     0 | D:1      | 0 ||| qw: God list: Okawaru
     0 | D:1      | 0 ||| qw: Allow faded altars: false
     0 | D:1      | 0 ||| qw: Do Orc after clearing Dungeon:15 true
     0 | D:1      | 0 ||| qw: Do second Lair branch before Depths: true
     0 | D:1      | 0 ||| qw: Lair rune preference: random
     0 | D:1      | 0 ||| qw: Goals: Normal
     0 | D:1      | 0 ||| PLANNING D:1-11
    43 | D:1      | Reached skill level 3 in Ranged Weapons
    43 | D:1      | Reached XP level 2. HP: 18/23 MP: 2/2
   521 | D:1      | Reached XP level 3. HP: 29/29 MP: 3/3
   610 | D:1      | 610 ||| UPGRADING to +0 leather armour.
   620 | D:1      | 620 ||| DROPPING +0 robe.
   621 | D:1      | 621 ||| READING scroll labelled GIOSUOD HELAM.
   622 | D:1      | 622 ||| READING scroll labelled HAB UZEFALL.
   623 | D:1      | 623 ||| DRINKING 2 sedimented yellow potions.
   624 | D:1      | 624 ||| DRINKING 2 fizzy brown potions.
   625 | D:1      | 625 ||| DROPPING scroll of poison.
   626 | D:1      | 626 ||| DROPPING potion of attraction.
   636 | D:2      | 636 ||| STAIRDANCE
   712 | D:2      | Reached skill level 4 in Ranged Weapons
   947 | D:2      | Reached XP level 4. HP: 36/36 MP: 4/4
  1374 | D:2      | Identified the +1 pair of boots of the New World {Harm rF-
                  | Str+2}
  1530 | D:2      | 1530 ||| UPGRADING to +0 ring mail.
  1540 | D:2      | 1540 ||| UPGRADING to +1 leather armour of positive energy.
  1550 | D:2      | 1550 ||| DROPPING +0 ring mail.
  1551 | D:2      | 1551 ||| DROPPING +0 leather armour.
  1552 | D:2      | 1552 ||| READING 3 scrolls labelled DOKHLO UXEEPEF.
  1553 | D:2      | 1553 ||| READING scroll labelled UMAJIP IMAT.
  1554 | D:2      | 1554 ||| READING scroll labelled QIUB IXTEA.
  1557 | D:2      | 1557 ||| READING scroll labelled QUZUGO LIX CYH.
  1558 | D:2      | 1558 ||| READING scroll labelled LEETAE OGIW.
  1558 | D:2      | Identified a scroll of acquirement
  1558 | D:2      | 1558 ||| ACQUIRING +4 arbalest of freezing
  1558 | D:2      | Acquired a +4 arbalest of freezing
  1560 | D:2      | 1560 ||| SWAPPING to +4 arbalest of freezing.
  1561 | D:2      | 1561 ||| DROPPING +1 sling.
  1562 | D:2      | 1562 ||| READING 2 scrolls of identify.
  1562 | D:2      | 1562 ||| IDENTIFYING golden potion
  1563 | D:2      | 1563 ||| DROPPING potion of invisibility.
  1579 | D:3      | Reached skill level 5 in Ranged Weapons
  1585 | D:3      | Found a broken altar of Ashenzari.
  1644 | D:3      | Found a faded altar of an unknown god.
  1678 | D:3      | Reached skill level 3 in Fighting
  1681 | D:3      | Reached XP level 5. HP: 45/45 MP: 5/5
  1746 | D:3      | 1746 ||| Stepping ~*~*~tactically~*~*~ (outnumbered).
  1857 | D:3      | Noticed Ijyb
  1860 | D:3      | 1860 ||| FLEEEEING.
  1861 | D:3      | 1861 ||| FLEEEEING.
  1862 | D:3      | 1862 ||| FLEEEEING.
  1863 | D:3      | 1863 ||| FLEEEEING.
  1864 | D:3      | 1864 ||| FLEEEEING.
  1868 | D:3      | 1868 ||| FLEEEEING.
  1869 | D:3      | 1869 ||| FLEEEEING.
  1877 | D:3      | 1877 ||| FLEEEEING.
  1878 | D:3      | 1878 ||| FLEEEEING.
  1879 | D:3      | 1879 ||| FLEEEEING.
  1880 | D:3      | 1880 ||| FLEEEEING.
  1883 | D:3      | 1883 ||| FLEEEEING.
  1885 | D:3      | 1885 ||| FLEEEEING.
  1886 | D:3      | 1886 ||| FLEEEEING.
  1887 | D:3      | 1887 ||| FLEEEEING.
  1888 | D:3      | 1888 ||| FLEEEEING.
  1889 | D:3      | 1889 ||| STAIRDANCE
  1985 | D:2      | 1985 ||| READING scroll labelled PACHU PAFAIST.
  1991 | D:3      | 1991 ||| STAIRDANCE
  1994 | D:2      | Killed Ijyb
  2199 | D:4      | Reached skill level 6 in Ranged Weapons
  2214 | D:4      | Noticed Duvessa
  2215 | D:4      | Noticed Dowan
  2217 | D:4      | Killed Duvessa
  2218 | D:4      | Reached XP level 6. HP: 53/53 MP: 6/6
  2225 | D:4      | Killed Dowan
  2227 | D:4      | 2227 ||| FLEEEEING.
  2230 | D:4      | Reached skill level 7 in Ranged Weapons
  2334 | D:4      | 2334 ||| UPGRADING to +1 ring mail of cold resistance.
  2344 | D:4      | 2344 ||| DROPPING +1 leather armour of positive energy.
  2345 | D:4      | 2345 ||| READING scroll labelled BABUGI DINU.
  2346 | D:4      | 2346 ||| DRINKING 2 dark potions.
  2354 | D:4      | 2354 ||| STAIRDANCE
  2355 | D:3      | Found a shimmering altar of Xom.
  2500 | D:4      | Reached skill level 1 in Armour
  2500 | D:4      | Reached XP level 7. HP: 60/60 MP: 7/7
  2575 | D:4      | Identified the ring "Wyunk" {rF+ rC+ Str+4 Stlth+}
  2648 | D:4      | Found a burning altar of Makhleb.
  3030 | D:4      | Found a glowing golden altar of the Shining One.
  3163 | D:4      | 3163 ||| UPGRADING to ring "Wyunk" {rF+ rC+ Str+4 Stlth+}.
  3164 | D:4      | 3164 ||| DROPPING ring of flight.
  3165 | D:4      | 3165 ||| READING scroll labelled FAELAI BURE.
  3166 | D:4      | 3166 ||| READING scroll labelled ALOCHI CINU.
  3167 | D:4      | 3167 ||| DRINKING 2 puce potions.
  3171 | D:4      | 3171 ||| READING 5 scrolls of identify.
  3171 | D:4      | 3171 ||| IDENTIFYING clear potion
  3172 | D:4      | 3172 ||| READING 4 scrolls of identify.
  3172 | D:4      | 3172 ||| IDENTIFYING metallic puce potion
  3178 | D:4      | Reached skill level 8 in Ranged Weapons
  3178 | D:4      | 3178 ||| READING 3 scrolls of identify.
  3178 | D:4      | 3178 ||| IDENTIFYING murky orange potion
  3179 | D:4      | 3179 ||| DROPPING potion of ambrosia.
  3180 | D:4      | 3180 ||| DROPPING potion of lignification.
  3190 | D:5      | Entered Level 5 of the Dungeon
  3200 | D:5      | 3200 ||| STAIRDANCE
  3205 | D:4      | HP: 12/61 [killer bee (7)]
  3206 | D:4      | 3206 ||| READING scroll of teleportation.
  3206 | D:4      | HP: 5/61 [poisoned by a killer bee]
  3206 | D:4      | Slain by a killer bee

Levels and vault maps discovered:
D:1:      minmay_arrival_diagonal_passages, layout_basic
D:2:      layout_loops_corners, hangedman_abyss_or_decor_lesser_grid,
          minmay_rat_gold_closets
D:3:      layout_rooms, mainiacjoe_overflow_six_doors_small,
          nicolae_overflow_ecumenical_swirl, grunt_ministairs_1,
          hex_intersection, uniq_ijyb
D:4:      layout_basic, tso_altar, lemuel_tele_altar, mrwooster_statue_mirror,
          minmay_increasing_density, uniq_duvessa
D:5:      layout_rooms, kennysheep_mini_moat, minmay_temple_entry_arrows,
          uniq_blork_the_orc

Skill      XL: |  1  2  3  4  5  6  7 |
---------------+----------------------+-----
Ranged Weapons | 3 4 5 6 7 8 |  8.8
Fighting       | 2 3 4 5 |  5.0
Armour         | 1 |  1.9
Dodging        | |  2.1
Spellcasting   | |  1.0
Hexes          | |  2.0

Action                     |  1- 3 |  4- 6 |  7- 9 || total
---------------------------+-------+-------+-------++-------
   Fire: Sling             |    92 |    30 |       ||   122
         Arbalest          |       |    54 |    41 ||    95
    Use: Scroll            |     2 |     8 |     6 ||    16
         Potion            |     2 |     1 |     1 ||     4
 Armour: Robe              |     3 |       |       ||     3
         Leather armour    |     6 |     8 |       ||    14
         Ring mail         |       |       |    11 ||    11
  Dodge: Dodged            |    25 |    19 |    28 ||    72

Table legend:
 A = Non-vault XP
 B = Vault XP
 C = Vault XP percentage of total XP
 D = Non-vault monster count
 E = Vault monster count
 F = Vault count percentage of total count
                 A         B        C        D         E       F
            +---------+---------+-------+---------+---------+-------
      Total |     932 |     410 |  30.6 |      82 |      21 |  20.4
            +---------+---------+-------+---------+---------+-------
        D:1 |      57 |       0 |   0.0 |      24 |       0 |   0.0
        D:2 |      67 |      44 |  39.6 |      19 |       9 |  32.1
        D:3 |     132 |       4 |   2.9 |      22 |       2 |   8.3
        D:4 |     527 |     362 |  40.7 |      14 |      10 |  41.7
        D:5 |     149 |       0 |   0.0 |       3 |       0 |   0.0
            +---------+---------+-------+---------+---------+-------
